 Dungeon Crawl Stone Soup version 0.20-a0-555-gf6ae02d (webtiles) character file.

653 Oki the Chopper (level 7, -1/54 HPs)
             Began as a Minotaur Chaos Knight on Feb 6, 2017.
             Slain by Edmund the orc (shapeshifter) (3 damage)
             ... on level 5 of the Dungeon.
             The game lasted 00:07:57 (3925 turns).

Oki the Chopper (Minotaur Chaos Knight)             Turns: 3925, Time: 00:07:57

Health: -1/54      AC:  6    Str: 17      XL:     7   Next: 28%
Magic:  6/6        EV: 13    Int:  6 (7)  God:    Xom [*.....]
Gold:   226        SH:  0    Dex: 11      Spells: 6/6 levels left

rFire    . . .     SeeInvis .   a - +0 hand axe (chaos)
rCold    . . .     Gourm    .   b - +2 leather armour
rNeg     . . .     Faith    .   (no shield)
rPois    .         Spirit   .   (helmet restricted)
rElec    .         Reflect  .   (no cloak)
rCorr    +         Harm     .   (no gloves)
MR       .....                  (no boots)
Stlth    +.........             (no amulet)
Regen    0.2/turn               p - ring of resist corrosion
                                (no ring)

@: no status effects
A: retaliatory headbutt, horns 2, deterioration 1, dopey 1, frail 1, shaggy fur
1, evolution 1
a: Renounce Religion


You were on level 5 of the Dungeon.
You worshipped Xom.
You were a special plaything of Xom.
You were not hungry.

You visited 1 branch of the dungeon, and saw 5 of its levels.

You collected 226 gold pieces.

Inventory:

Hand Weapons
 a - a +0 hand axe of chaos (weapon)
Armour
 b - a +2 leather armour (worn)
Jewellery
 p - a ring of resist corrosion (right hand)
Wands
 k - a wand of polymorph (6/24)
 n - a wand of iceblast (5/15)
Scrolls
 f - 3 scrolls of identify
 g - 2 scrolls of teleportation
 i - a scroll of magic mapping
Potions
 e - a potion of magic
 l - 2 potions of curing
Comestibles
 c - 4 bread rations
 d - 4 royal jellies
 h - 3 fruits
 j - 3 meat rations


   Skills:
 + Level 5.5 Fighting
 * Level 6.9 Axes
 + Level 5.0 Armour
 + Level 4.0 Dodging


You had 6 spell levels left.
You didn't know any spells.

Dungeon Overview and Level Annotations

Branches:
Dungeon (5/15)
 Temple: D:4-7

Altars:
Ashenzari
Nemelex Xobeh
Ru
Trog
Vehumet
Xom

Shops:
D:5 *

Annotations:
D:5 Edmund


Innate Abilities, Weirdness & Mutations

You reflexively headbutt those who attack you in melee.
You have a pair of horns on your head.
Your body sometimes deteriorates upon taking damage.
You are dopey. (Int -2)
You are frail. (-10% HP)
You are covered in fur. (AC +1)
You evolve.


Message History

You hit Edmund. You freeze Edmund. Your headbutt misses Edmund.
Edmund is severely wounded.
Edmund hits you with a flail of crushing.
You hit Edmund. You burn Edmund. Your headbutt misses Edmund.
Edmund is almost dead.
Edmund hits you with a flail of crushing!
* * * LOW HITPOINT WARNING * * *
x2 You barely miss Edmund.
Your headbutt misses Edmund.
Edmund is almost dead.
Edmund hits you with a flail of crushing.
* * * LOW HITPOINT WARNING * * *
x2 You barely miss Edmund.
Edmund is almost dead.
You hit Edmund.
Edmund changes into an orc!
Edmund is severely wounded.
You closely miss Edmund. Your headbutt misses Edmund.
Edmund is severely wounded.
Edmund hits you.
You die... "It was about time."

#...###.# ....###.#
.....##.## .....##..##
.....###..######
...............### ##
.....<.####..=...###....
............###[........
........###..###@##....
.........###.....o..(...
############.......#....
###..........#####.# ..
....########## .# .####
#. ## #. .#


You could see Edmund the orc shaped shifter.

Vanquished Creatures
  Eustachio (D:5)
  The ghost of Oki the Sneak, an amateur OpAs (D:3)
  2 howler monkeys
  A centaur skeleton (D:4)
  A jelly (D:3)
  2 orc wizards (D:3)
  A bullfrog skeleton (D:5)
  Natasha (D:3)
  A worker ant (D:5)
  Robin (D:3)
  3 gnolls (D:2)
  6 adders
  2 worms
  2 dart slugs
  3 leopard geckos (D:4)
  4 orcs
  2 ball pythons
  11 bats
  2 giant cockroaches
  15 goblins
  6 hobgoblins
  2 jackals (D:1)
  6 kobolds
  A leopard gecko skeleton (D:4)
  A rat (shapeshifter) (D:1)
  6 rats
84 creatures vanquished.

Notes
Turn   | Place    | Note
-------+----------+-------------------------------------------
     0 | D:1      | Oki the Minotaur Chaos Knight began the quest for the Orb.
     0 | D:1      | Reached XP level 1. HP: 19/19 MP: 0/0
   117 | D:1      | Reached XP level 2. HP: 24/27 MP: 1/1
   155 | D:1      | XOM: divination: magic mapping
   185 | D:1      | Found a sparkling altar of Nemelex Xobeh.
   222 | D:1      | XOM: divination: magic mapping
   335 | D:1      | XOM: mild Ice miscast
   517 | D:1      | Gained mutation: You evolve. [mutagenic meat]
   518 | D:1      | Gained mutation: You rapidly evolve. [mutagenic meat]
   519 | D:1      | Lost mutation: You rapidly evolve. [mutagenic meat]
   520 | D:1      | Gained mutation: You expend magic power (3 MP) to strengthen your wands. [mutagenic meat]
   523 | D:1      | Reached skill level 4 in Axes
   670 | D:1      | Reached XP level 3. HP: 32/33 MP: 2/2
   894 | D:2      | Found a shattered altar of Ashenzari.
   937 | D:2      | Lost mutation: You expend magic power (3 MP) to strengthen your wands. [potion of mutation]
   937 | D:2      | Gained mutation: You are covered in fur. (AC +1) [potion of mutation]
   937 | D:2      | Gained mutation: You are dopey. (Int -2) [potion of mutation]
   944 | D:2      | Found a sacrificial altar of Ru.
  1057 | D:2      | Found a radiant altar of Vehumet.
  1253 | D:2      | Reached XP level 4. HP: 40/40 MP: 3/3
  1661 | D:2      | XOM: confuse monster(s)
  2015 | D:3      | XOM: polymorph worm -> jelly
  2017 | D:3      | HP: 2/41 [poisoned by an adder]
  2018 | D:3      | Reached XP level 5. HP: 2/47 MP: 4/4
  2020 | D:3      | Reached skill level 5 in Axes
  2379 | D:3      | Noticed Oki's ghost (amateur OpAs)
  2380 | D:3      | XOM: scenery: create altars
  2382 | D:3      | XOM: confusion (+ monsters)
  2407 | D:3      | Killed Oki's ghost
  2555 | D:3      | Noticed Robin
  2558 | D:3      | Killed Robin
  2654 | D:3      | Noticed Natasha
  2659 | D:3      | Killed Natasha
  2659 | D:3      | Reached XP level 6. HP: 47/55 MP: 5/5
  2729 | D:3      | XOM: harmless Air miscast
  2897 | D:4      | XOM: mild Divn miscast
  2907 | D:4      | Reached skill level 5 in Fighting
  2907 | D:4      | Reached skill level 6 in Axes
  3031 | D:4      | Found a bloodstained altar of Trog.
  3043 | D:4      | XOM: harmless Summ miscast
  3114 | D:4      | XOM: give mutations
  3114 | D:4      | Gained mutation: You are frail. (-10% HP) [Xom's mischief]
  3114 | D:4      | Gained mutation: Your body sometimes deteriorates upon taking damage. [Xom's mischief]
  3248 | D:4      | XOM: summons 4 hostile shadow creatures
  3293 | D:5      | Entered Level 5 of the Dungeon
  3298 | D:5      | Noticed Eustachio
  3308 | D:5      | XOM: summons friendly crimson imp
  3323 | D:5      | Killed Eustachio
  3323 | D:5      | Reached XP level 7. HP: 26/54 MP: 6/6
  3588 | D:5      | Found Rothruism's Assorted Antiques.
  3593 | D:5      | Reached skill level 5 in Armour
  3680 | D:5      | Noticed Edmund
  3682 | D:5      | XOM: mild Tloc miscast
  3688 | D:5      | XOM: summons 4 hostile shadow creatures
  3901 | D:5      | XOM: mild Divn miscast
  3922 | D:5      | HP: 2/54 [Edmund/flail of crushing (1)]
  3924 | D:5      | Edmund changed into Edmund the orc
  3925 | D:5      | Slain by Edmund the orc (shapeshifter)

Vault maps used:
D:1:      dpeg_cavernosity, nemelex_diamond_rough_becter
D:2:      hangedman_ru_absence, lemuel_round_altar, first_bread,
          kennysheep_donut, nicolae_ashenzari_panopticon
D:3:      uniq_natasha, uniq_robin
D:4:      lightli_temple_of_fire, minmay_misc_feat_cross
D:5:      marbit_many_paths, serial_shops, shop, uniq_eustachio, uniq_edmund

Skill      XL: |  1  2  3  4  5  6  7 |
---------------+----------------------+-----
Armour         | 3 4 5 |  5.0
Axes           | 4 5 6 |  6.9
Dodging        | 2 3 4 |  4.0
Fighting       | 4 5 |  5.5

Action                   |  1- 3 |  4- 6 |  7- 9 || total
-------------------------+-------+-------+-------++-------
Melee: Hand axe          |    60 |   163 |    61 ||   284
       Headbutt          |     7 |    20 |     6 ||    33
  Use: Scroll            |     6 |     2 |     2 ||    10
       Potion            |     3 |     5 |     1 ||     9
 Stab: Paralysed         |     1 |     1 |    10 ||    12
       Petrified         |       |       |     9 ||     9
       Petrifying        |       |       |     2 ||     2
  Eat: Chunk             |     5 |     7 |     2 ||    14
Armor: Leather armour    |    24 |    72 |     5 ||   101
       Skin              |       |       |    13 ||    13
Dodge: Dodged            |    39 |    91 |    15 ||   145
